 Dungeon Crawl Stone Soup version 0.31.0-32-g396128a36d (webtiles) character file.

Game seed: 18430509256925378357

3994 Gabide the Basher (level 10, -3/81 (86) HPs)
             Began as a Purple Draconian Reaver on Apr 12, 2024.
             Slain by a kobold brigand
             ... wielding a +0 rapier
              (6 damage)
             ... on level 8 of the Dungeon.
             The game lasted 00:24:09 (9702 turns).

Gabide the Basher (Purple Draconian Reaver)         Turns: 9702, Time: 00:24:11

HP:   -3/81 (86)    AC:  9    Str: 15    XL:     10   Next: 3%
MP:   17/19         EV: 13    Int: 20    God:
Gold: 444           SH:  0    Dex:  9    Spells: 20/21 levels left

rFire   + . .        a - +3 dire flail
rCold   . . .        (shield currently unavailable)
rNeg    . . .        (body armour unavailable)
rPois   +            (helmet restricted)
rElec   .            u - scarf {repulsion}
rCorr   .            k - +0 pair of gloves
SInv    .            l - +0 pair of boots
Will    ++...        (no amulet)
Stlth   +            m - ring of protection from fire
HPRegen 0.33/turn    q - ring of poison resistance
MPRegen 0.16/turn

%: repel missiles
@: brilliant, short of breath, enlightened, flying, drained
A: breathe power, AC +7, unfitting armour, cold-blooded, horns 2, clever 1
a: Breathe Dispelling Energy


You were on level 8 of the Dungeon.
You visited 2 branches of the dungeon, and saw 9 of its levels.

You collected 444 gold pieces.

Inventory:

Hand Weapons
 a - a +3 dire flail (weapon)
Missiles
 p - 11 boomerangs
Armour
 h - a +0 cloak
 k - a +0 pair of gloves (worn)
 l - a +0 pair of boots (worn)
 u - a scarf of repulsion (worn)
Magical Staves
 e - a staff of cold
Jewellery
 f - a ring of ice
 m - a ring of protection from fire (left hand)
 n - a ring of see invisible
 q - a ring of poison resistance (right hand)
Wands
 i - a wand of polymorph (13)
 r - a wand of iceblast (4)
Scrolls
 s - a scroll of fog
 t - 2 scrolls of revelation
Potions
 c - a potion of enlightenment


   Skills:
 + Level 7.2 Fighting
 * Level 9.6 Maces & Flails
 - Level 6.0 Dodging
 - Level 6.0 Spellcasting
 + Level 5.7 Conjurations


You had 20 spell levels left.
You knew the following spells:

 Your Spells              Type           Power      Damage    Failure   Level
a - Kiss of Death         Conj/Necr      100%       2d13      3%          1

Your spell library contained the following spells:

 Spells                   Type           Power      Damage    Failure   Level
 Momentum Strike          Conj/Tloc      52%        3d9       4%          2
 Hailstorm                Conj/Ice       26%        3d7       10%         3
 Summon Small Mammal      Summ           36%        N/A       11%         1
 Call Canine Familiar     Summ           9%         N/A       30%         3
 Volatile Blastmotes      Fire/Tloc      18%        2d11      30%         3
 Fulminant Prism          Conj/Alch      13%        3d9       32%         4
 Iskenderun's Mystic Bla  Conj/Tloc      26%        2d7       32%         4
 Summon Blazeheart Golem  Fire/Summ      9%         N/A       71%         4


Dungeon Overview and Level Annotations

Branches:
Dungeon (8/15)             Temple (1/1) D:5
   Lair: D:8-11

Altars:
Ashenzari
Cheibriados
Dithmenos
Elyvilon
Fedhas
Gozag
Hepliaklqana
Kikubaaqudgha
Makhleb
Nemelex Xobeh
Okawaru
Qazlal
Ru
Uskayaw
Vehumet
Wu Jian
Xom
Yredelemnul
Zin

Annotations:
D:7 1 runed translucent door, AdnanSaban's ghost, novice GrFi


Innate Abilities, Weirdness & Mutations

You can breathe bolts of dispelling energy.
Your rich purple scales are hard. (AC +7)
You cannot fit into any form of body armour.
You are cold-blooded and may be slowed by cold attacks.
You have a pair of horns on your head.
Your mind is acute. (Int +4, Str/Dex -1)


Message History

The kobold brigand hits you with a +0 rapier.
The kobold brigand attacks as it pursues you!
The kobold brigand hits you with a +0 rapier.
The orc wizard gestures wildly while chanting.
The orc wizard flickers and vanishes!
Deactivating autopickup; reactivate with Ctrl-A.
The orc priest calls down the wrath of Beogh upon you.
Pain shoots through your body!
* * * LOW HITPOINT WARNING * * *
It was a potion of enlightenment.
You feel very buoyant.
You fly up into the air.
The kobold brigand hits you with a +0 rapier.
* * * LOW HITPOINT WARNING * * *
The orc priest closely misses you.
The kobold brigand attacks as it pursues you!
The kobold brigand hits you but does no damage.
The orc priest looks satisfied for a moment.
The kobold brigand hits you with a +0 rapier.
* * * LOW HITPOINT WARNING * * *
Something hits you but does no damage.
You miss something.
Your tail-slap misses something.
The kobold brigand hits you with a +0 rapier.
* * * LOW HITPOINT WARNING * * *
It was a potion of mutation.
You feel extremely strange. A pair of horns grows on your head!
You feel clever. The horns on your head grow some more. Something hits you.
* * * LOW HITPOINT WARNING * * *
The orc wizard hits you but does no damage.
The kobold brigand hits you with a +0 rapier.
* * * LOW HITPOINT WARNING * * *
The ogre barely misses you.
It was a potion of brilliance.
You feel clever all of a sudden. Something barely misses you.
The orc priest looks braver for a moment.
The orc wizard closely misses you.
The kobold brigand hits you with a +0 rapier.
You die...

##.............##
#....###....#...#
###..........##.♣.##
#........#####.....#####
#.......##...'##'##'...##
#.......#>.♣..##.##..♣)<#
##......##...##...##...##
..).....#######.♣.######
..........@Oo##...#...
.........o.K..##<##.#
...............###..# #
....................###..
........|................
.[...................##
........########....##
......# #.PPP^#....#
......# #^...P#....# ...


You could see a kobold brigand, an ogre, an orc priest and an orc wizard.

Vanquished Creatures
  Pikel (D:4)
  Grinder (D:5)
  Menkaure (D:4)
  An acid dragon (D:8)
  2 ice beasts
  2 sky beasts (D:7)
  4 black bears
  2 ogres
  4 bullfrogs
  A gnoll sergeant (D:5)
  6 scorpions
  12 wights
  4 howler monkeys
  3 hounds
  2 jellies
  A gnoll bouda (D:4)
  2 sleepcaps
  3 iguanas
  Ijyb (D:3)
  4 orc wizards
  Natasha (thrice) (D:3)
  11 gnolls
  10 adders
  2 white imps
  2 ufetubi (D:6)
  A ribbon worm (D:4)
  2 dart slugs
  11 orcs
  9 bats
  2 endoplasms
  6 giant cockroaches
  3 goblins
  8 hobgoblins
  2 jackals (D:2)
  2 kobolds
  5 quokkas
  7 ball pythons
  2 frilled lizards
  7 rats
152 creatures vanquished.

Notes
Turn   | Place    | Note
-------+----------+-------------------------------------------
     0 | D:1      | Gabide the Draconian Reaver began the quest for the Orb.
     0 | D:1      | Reached XP level 1. HP: 17/17 MP: 3/3
   122 | D:1      | Reached XP level 2. HP: 25/25 MP: 5/5
   189 | D:1      | Found a faded altar of an unknown god.
   783 | D:2      | Reached XP level 3. HP: 30/30 MP: 6/6
  1457 | D:3      | Noticed Natasha
  1465 | D:3      | Killed Natasha
  1466 | D:3      | Reached XP level 4. HP: 32/37 MP: 7/7
  1489 | D:3      | Noticed Natasha
  1502 | D:3      | Killed Natasha
  1503 | D:3      | Reached skill level 4 in Maces & Flails
  1670 | D:3      | Noticed Ijyb
  1676 | D:3      | Paralysed by Ijyb for 4 turns
  1684 | D:3      | Paralysed by Ijyb for 4 turns
  1692 | D:3      | Paralysed by Ijyb for 3 turns
  1695 | D:3      | Killed Ijyb
  1696 | D:3      | Reached XP level 5. HP: 18/41 MP: 7/9
  1759 | D:3      | Noticed Natasha
  1947 | D:3      | Killed Natasha
  2418 | D:4      | Noticed Pikel
  2418 | D:4      | Noticed a lemure
  2418 | D:4      | Noticed a lemure
  2418 | D:4      | Noticed a lemure
  2418 | D:4      | Noticed a lemure
  2520 | D:4      | Killed Pikel
  2521 | D:4      | Reached skill level 6 in Maces & Flails
  2521 | D:4      | Reached XP level 6. HP: 51/53 MP: 10/10
  2521 | D:4      | Your scales start taking on a rich purple colour.
  2521 | D:4      | Reached XP level 7. HP: 58/60 MP: 12/12
  2893 | D:4      | Noticed Menkaure
  3266 | D:4      | Reached skill level 5 in Fighting
  3807 | D:4      | Reached XP level 8. HP: 48/68 MP: 14/14
  4373 | D:4      | Killed Menkaure
  4374 | D:4      | Reached skill level 7 in Maces & Flails
  5029 | D:5      | Entered Level 5 of the Dungeon
  5067 | D:5      | Found a staircase to the Ecumenical Temple.
  5405 | Temple   | Entered the Ecumenical Temple
  5730 | D:5      | Found an ornate altar of the Wu Jian Council.
  5730 | D:5      | Found a blossoming altar of Fedhas.
  5825 | D:5      | Noticed Grinder
  5859 | D:5      | Killed Grinder
  6117 | D:6      | Reached skill level 5 in Spellcasting
  6263 | D:6      | Reached skill level 5 in Dodging
  6311 | D:6      | Reached skill level 8 in Maces & Flails
  6323 | D:6      | Reached XP level 9. HP: 62/75 MP: 16/16
  7141 | D:6      | Found an ancient bone altar of Kikubaaqudgha.
  7395 | D:7      | Found a runed translucent door.
  7396 | D:7      | Noticed AdnanSaban's ghost (novice GrFi)
  7653 | D:7      | Reached skill level 5 in Conjurations
  7956 | D:7      | Reached skill level 9 in Maces & Flails
  9040 | D:8      | Found a sacrificial altar of Ru.
  9542 | D:8      | Reached XP level 10. HP: 48/80 MP: 19/19
  9701 | D:8      | Gained mutation: You have a pair of small horns on your
                  | head. [potion of mutation]
  9701 | D:8      | Gained mutation: Your mind is acute. (Int +4, Str/Dex -1)
                  | [potion of mutation]
  9701 | D:8      | Gained mutation: You have a pair of horns on your head.
                  | [potion of mutation]
  9701 | D:8      | HP: 2/81 [kobold brigand/+0 rapier (4)]
  9702 | D:8      | Slain by a kobold brigand

Illustrated notes

Levels and vault maps discovered:
D:1:      minmay_arrival_doors, layout_loops_ring,
          hellmonk_ecumenical_altar_inner_sanctum
D:2:      layout_rooms
D:3:      layout_basic, uniq_ijyb, uniq_natasha
D:4:      layout_cave_pods, hangedman_decor_lopped, minmay_cupped,
          uniq_menkaure, uniq_pikel
D:5:      layout_loops_ring, nicolae_overflow_two_pavilions,
          minmay_temple_entry_glass, uniq_grinder
D:6:      layout_gridville, marbit_many_paths
D:7:      layout_gridville, gammafunk_ghost_grave
D:8:      layout_cave_pools, trog_antimagical, nicolae_ru_the_path_less_chosen,
          grunt_ministairs_4, uniq_grum
Temple:   hellmonk_temple_of_storms

Skill      XL: |  1  2  3  4  5  6  7  8  9 |
---------------+----------------------------+-----
Dodging        | 2 3 4 5 6 |  6.0
Fighting       | 3 4 5 6 7 |  7.2
Maces & Flails | 4 6 8 9 |  9.6
Spellcasting   | 3 4 5 6 |  6.0
Conjurations   | 4 5 |  5.7

Action                     |  1- 3 |  4- 6 |  7- 9 | 10-12 || total
---------------------------+-------+-------+-------+-------++-------
  Melee: Mace              |   117 |       |       |       ||   117
         Tailslap          |    11 |     8 |    92 |       ||   111
         Quarterstaff      |    15 |    83 |       |       ||    98
         Punch             |     1 |       |     1 |       ||     2
         Whip              |       |       |   590 |       ||   590
         Dire flail        |       |       |    16 |     7 ||    23
  Throw: Boomerang         |       |       |    16 |       ||    16
         Throwing net      |       |       |     4 |       ||     4
   Cast: Kiss of Death     |       |     1 |       |       ||     1
Ability: Breathe Dispellin |       |       |    48 |     1 ||    49
  Evoke: Wand              |       |     1 |     9 |       ||    10
    Use: Scroll            |     6 |     2 |     5 |       ||    13
         Potion            |       |       |     7 |     3 ||    10
   Stab: Paralysed         |       |    10 |    10 |       ||    20
         Held in net/web   |       |       |     2 |       ||     2
 Armour: Skin              |    90 |    52 |   362 |    14 ||   518
  Dodge: Dodged            |   138 |    51 |   301 |     7 ||   497
         Repelled          |       |       |     1 |       ||     1
  Block: Buckler           |       |       |    56 |       ||    56
